| TOP OF THE 1ST |
|
Cleveland (APP) Indians batting - Pitching for Seattle (APP) Mariners : RHP Manny Ojeda
|
|
Pitching: RHP Manny Ojeda
|
|
|
Batting: RHB Andy Lewis
|
0-0: Ball 1-0: Foul Ball, location: 2F 1-1: Swinging Strike 1-2: Ball 2-2: Ball 3-2: Base on Balls
|
|
Batting: LHB Justin Eargle
|
0-0: Grounds into double play, 4-6-3 (Groundball, 4, EV 83.8 MPH)
|
|
Batting: SHB Jay Rook
|
0-0: Ball 1-0: Ball 2-0: Ball 3-0: Called Strike 3-1: Base on Balls
|
|
Batting: LHB Shane Montalvo
|
0-0: Ball 1-0: Fly out, F8 (Flyball, 8LD, EV 96.2 MPH)
|
| Top of the 1st over - 0 runs, 0 hits, 0 errors, 1 left on base; Cleveland (APP) 0 - Seattle (APP) 0 |
| BOTTOM OF THE 1ST |
|
Seattle (APP) Mariners batting - Pitching for Cleveland (APP) Indians : RHP Sergei Stefanov
|
|
Pitching: RHP Sergei Stefanov
|
|
|
Batting: RHB Chris Van Niel
|
0-0: Called Strike 0-1: Ball 1-1: Foul Ball, location: 2F 1-2: Foul Ball, location: 2F 1-2: SINGLE (Groundball, 4M, EV 109.4 MPH) (infield hit)
|
|
Batting: RHB John Vasquez
|
0-0: Foul Ball, location: 2F 0-1: Called Strike 0-2: SINGLE (Groundball, 56D, EV 96.9 MPH) Chris Van Niel to second
|
|
Batting: SHB Carlos Luna
|
0-0: Foul Ball, location: 2F 0-1: Ball 1-1: Swinging Strike 1-2: Foul Ball, location: 2F 1-2: Ball 2-2: Foul Ball, location: 2F 2-2: Ball 3-2: Fly out, F8 (Flyball, 8LD, EV 91.2 MPH)
|
|
Batting: RHB Nick Edmunds
|
0-0: Ball 1-0: Reached via error on a dropped throw from 2B, E6 (Groundball, P, EV 87.5 MPH) Chris Van Niel to third John Vasquez to second
|
|
Batting: RHB Nick Ellis
|
0-0: Ball 1-0: Called Strike 1-1: Foul Ball, location: 2F 1-2: Strikes out swinging
|
|
Batting: RHB Carlton McDonald
|
0-0: Foul Ball, location: 2F 0-1: Fly out, F7 (Line Drive, 78S, EV 93.1 MPH)
|
| Bottom of the 1st over - 0 runs, 2 hits, 1 error, 3 left on base; Cleveland (APP) 0 - Seattle (APP) 0 |
| TOP OF THE 2ND |
|
Cleveland (APP) Indians batting - Pitching for Seattle (APP) Mariners : RHP Manny Ojeda
|
|
Batting: LHB Mesfin Azagba
|
0-0: Ball 1-0: Ball 2-0: Ball 3-0: Called Strike 3-1: Base on Balls
|
|
Batting: RHB Patrick Pinault
|
0-0: Ball 1-0: Ball 2-0: DOUBLE (Line Drive, 7LD, EV 106.9 MPH) Mesfin Azagba to third
|
|
Batting: SHB Luis de Leon
|
0-0: Foul Ball, location: 2F 0-1: Ball 1-1: Swinging Strike Balk! Mesfin Azagba scores Patrick Pinault to third 1-2: Ball 2-2: Foul Ball, location: 2F 2-2: Ball 3-2: Foul Ball, location: 2F 3-2: Base on Balls
|
|
Batting: RHB Andrew Telles
|
0-0: Ball 1-0: Ball 2-0: Called Strike 2-1: Ball 3-1: Base on Balls Luis de Leon to second
|
|
Batting: LHB Mario Garza
|
0-0: Grounds into double play, 4-6-3 (Groundball, 4, EV 106.2 MPH) Patrick Pinault scores Luis de Leon to third
|
|
Batting: RHB Andy Lewis
|
0-0: 2-RUN HOME RUN (Flyball, 7LD, EV 91.2 MPH), Distance : 333 ft
|
|
Batting: LHB Justin Eargle
|
0-0: Swinging Strike 0-1: Ball 1-1: Ball 2-1: Ball 3-1: Swinging Strike 3-2: Foul Ball, location: 2F 3-2: Foul Ball, location: 2F 3-2: Strikes out swinging
|
| Top of the 2nd over - 4 runs, 2 hits, 0 errors, 0 left on base; Cleveland (APP) 4 - Seattle (APP) 0 |
| BOTTOM OF THE 2ND |
|
Seattle (APP) Mariners batting - Pitching for Cleveland (APP) Indians : RHP Sergei Stefanov
|
|
Batting: RHB Joaquin Salazar
|
0-0: Ball 1-0: Ground out 6-3 (Groundball, 6, EV 88.1 MPH)
|
|
Batting: RHB Ziven Badersky
|
0-0: Ball 1-0: Ball 2-0: Swinging Strike 2-1: Ball 3-1: Foul Ball, location: 2F 3-2: Foul Ball, location: 2F 3-2: Fly out, F9 (Flyball, 89M, EV 76.2 MPH)
|
|
Batting: RHB Josh Carpenter
|
0-0: Foul Ball, location: 2F 0-1: Ball 1-1: Called Strike 1-2: Strikes out looking
|
| Bottom of the 2nd over - 0 runs, 0 hits, 0 errors, 0 left on base; Cleveland (APP) 4 - Seattle (APP) 0 |
| TOP OF THE 3RD |
|
Cleveland (APP) Indians batting - Pitching for Seattle (APP) Mariners : RHP Manny Ojeda
|
|
Batting: SHB Jay Rook
|
0-0: Ball 1-0: Called Strike 1-1: Foul Ball, location: 2F 1-2: Foul Ball, location: 2F 1-2: Fly out, F8 (Flyball, 8RD, EV 107.5 MPH)
|
|
Batting: LHB Shane Montalvo
|
0-0: Ball 1-0: Ball 2-0: Ground out 4-3 (Groundball, 4, EV 104.4 MPH)
|
|
Batting: LHB Mesfin Azagba
|
0-0: Ground out 6-3 (Groundball, 56, EV 81.2 MPH)
|
| Top of the 3rd over - 0 runs, 0 hits, 0 errors, 0 left on base; Cleveland (APP) 4 - Seattle (APP) 0 |
| BOTTOM OF THE 3RD |
|
Seattle (APP) Mariners batting - Pitching for Cleveland (APP) Indians : RHP Sergei Stefanov
|
|
Batting: RHB Chris Van Niel
|
0-0: Swinging Strike 0-1: Ball 1-1: Foul Ball, location: 2F 1-2: Ball 2-2: Foul Ball, location: 2F 2-2: Ground out 1-3 (Groundball, 15S, EV 65.0 MPH)
|
|
Batting: RHB John Vasquez
|
0-0: Called Strike 0-1: Ground out 5-3 (Groundball, 56S, EV 88.8 MPH)
|
|
Batting: SHB Carlos Luna
|
0-0: Foul Ball, location: 2F 0-1: Ball 1-1: Fly out, F7 (Flyball, 7LSF, EV 90.0 MPH)
|
| Bottom of the 3rd over - 0 runs, 0 hits, 0 errors, 0 left on base; Cleveland (APP) 4 - Seattle (APP) 0 |
| TOP OF THE 4TH |
|
Cleveland (APP) Indians batting - Pitching for Seattle (APP) Mariners : RHP Manny Ojeda
|
|
Batting: RHB Patrick Pinault
|
0-0: Ball 1-0: Foul Ball, location: 2F 1-1: Ball 2-1: Ball 3-1: Base on Balls
|
|
Batting: SHB Luis de Leon
|
0-0: Ball 1-0: Ball Patrick Pinault steals 2nd base 2-0: Called Strike 2-1: Foul Ball, location: 2F 2-2: Strikes out swinging
|
|
Batting: RHB Andrew Telles
|
0-0: Ball 1-0: Called Strike 1-1: SINGLE (Groundball, 4MD, EV 101.2 MPH) Patrick Pinault to third Runner from 3rd tries for Home, throw by CF and OUT! 8-2
|
|
Batting: LHB Mario Garza
|
0-0: Ball 1-0: Called Strike 1-1: Fielders Choice at 2nd, 5-4 (Groundball, 56, EV 84.4 MPH)
|
| Top of the 4th over - 0 runs, 1 hit, 0 errors, 1 left on base; Cleveland (APP) 4 - Seattle (APP) 0 |
| BOTTOM OF THE 4TH |
|
Seattle (APP) Mariners batting - Pitching for Cleveland (APP) Indians : RHP Sergei Stefanov
|
|
Batting: RHB Nick Edmunds
|
0-0: Called Strike 0-1: Ball 1-1: Swinging Strike 1-2: Strikes out swinging
|
|
Batting: RHB Nick Ellis
|
0-0: DOUBLE (Line Drive, 5D, EV 96.2 MPH)
|
|
Batting: RHB Carlton McDonald
|
0-0: Ball 1-0: Ball 2-0: Ball 3-0: Base on Balls
|
|
Batting: RHB Joaquin Salazar
|
0-0: Ball 1-0: Ball 2-0: Swinging Strike 2-1: Fielders Choice at 2nd, 3-6 (Groundball, 3, EV 83.8 MPH) Nick Ellis to third
|
|
Batting: RHB Ziven Badersky
|
0-0: Foul Ball, location: 2F 0-1: Fly out, F7 (Flyball, 7S, EV 90.0 MPH)
|
| Bottom of the 4th over - 0 runs, 1 hit, 0 errors, 2 left on base; Cleveland (APP) 4 - Seattle (APP) 0 |
| TOP OF THE 5TH |
|
Cleveland (APP) Indians batting - Pitching for Seattle (APP) Mariners : RHP Manny Ojeda
|
|
Batting: RHB Andy Lewis
|
0-0: Ball 1-0: Called Strike 1-1: Ball 2-1: Ball 3-1: Base on Balls
|
|
Pitching: RHP Frank Cabrera
|
|
|
Batting: LHB Justin Eargle
|
0-0: Ball 1-0: Ball Andy Lewis steals 2nd base 2-0: Ground out U3 (Groundball, 13, EV 82.5 MPH) Andy Lewis to third
|
|
Batting: SHB Jay Rook
|
0-0: Ball 1-0: Ball 2-0: Foul Ball, location: 2F 2-1: Ball 3-1: Called Strike 3-2: Strikes out looking
|
|
Batting: LHB Shane Montalvo
|
0-0: Ball 1-0: Ball 2-0: Ball 3-0: Base on Balls
|
|
Batting: LHB Mesfin Azagba
|
0-0: Swinging Strike 0-1: Ball 1-1: Called Strike 1-2: Ball 2-2: Ball 3-2: Base on Balls Shane Montalvo to second
|
|
Batting: RHB Patrick Pinault
|
0-0: Foul Ball, location: 2F 0-1: Ball 1-1: Ball 2-1: Foul Ball, location: 2F 2-2: Ball 3-2: Ground out 6-3 (Groundball, 6, EV 98.1 MPH)
|
| Top of the 5th over - 0 runs, 0 hits, 0 errors, 3 left on base; Cleveland (APP) 4 - Seattle (APP) 0 |
| BOTTOM OF THE 5TH |
|
Seattle (APP) Mariners batting - Pitching for Cleveland (APP) Indians : RHP Sergei Stefanov
|
|
Batting: RHB Josh Carpenter
|
0-0: Ball 1-0: Ball 2-0: Foul Ball, location: 2F 2-1: Ball 3-1: Swinging Strike 3-2: Strikes out looking
|
|
Batting: RHB Chris Van Niel
|
0-0: Called Strike 0-1: Ball 1-1: SOLO HOME RUN (Line Drive, 7LD, EV 100.6 MPH), Distance : 356 ft
|
|
Batting: RHB John Vasquez
|
0-0: Ball 1-0: Ball 2-0: Ball 3-0: Base on Balls
|
|
Batting: SHB Carlos Luna
|
0-0: Fly out, F8 (Flyball, 8RD, EV 102.5 MPH)
|
|
Batting: RHB Nick Edmunds
|
0-0: Ball 1-0: Ball 2-0: Swinging Strike 2-1: Ball 3-1: Called Strike 3-2: Strikes out swinging
|
| Bottom of the 5th over - 1 run, 1 hit, 0 errors, 1 left on base; Cleveland (APP) 4 - Seattle (APP) 1 |
| TOP OF THE 6TH |
|
Cleveland (APP) Indians batting - Pitching for Seattle (APP) Mariners : RHP Frank Cabrera
|
|
Batting: SHB Luis de Leon
|
0-0: Ball 1-0: Called Strike 1-1: Ball 2-1: Ball 3-1: Swinging Strike 3-2: Base on Balls
|
|
Batting: RHB Andrew Telles
|
Balk! Luis de Leon to second 0-0: Called Strike 0-1: Ground out 4-3 (Groundball, 4, EV 80.6 MPH) Luis de Leon to third
|
|
Pitching: LHP Will Creelman
|
|
|
Batting: LHB Mario Garza
|
0-0: Ball Wild Pitch! Luis de Leon scores 1-0: Ground out U3 (Groundball, 3, EV 103.8 MPH)
|
|
Batting: RHB Andy Lewis
|
0-0: Called Strike 0-1: Called Strike 0-2: Ball 1-2: Ball 2-2: Ball 3-2: Foul Ball, location: 2F 3-2: Base on Balls
|
|
Batting: LHB Justin Eargle
|
0-0: Ball 1-0: Ball 2-0: Ball 3-0: Base on Balls Andy Lewis to second
|
|
Batting: SHB Jay Rook
|
0-0: Ball 1-0: Ball 2-0: Called Strike 2-1: Swinging Strike 2-2: Reached on error, E2 (Groundball, 15S, EV 70.6 MPH) Andy Lewis scores Justin Eargle to third
|
|
Batting: LHB Shane Montalvo
|
0-0: Ball 1-0: Swinging Strike 1-1: Swinging Strike 1-2: 3-RUN HOME RUN (Flyball, 9LD, EV 94.4 MPH), Distance : 332 ft
|
|
Batting: LHB Mesfin Azagba
|
0-0: Swinging Strike 0-1: Ground out 6-3 (Groundball, 6, EV 83.1 MPH)
|
| Top of the 6th over - 5 runs, 1 hit, 1 error, 0 left on base; Cleveland (APP) 9 - Seattle (APP) 1 |
| BOTTOM OF THE 6TH |
|
Seattle (APP) Mariners batting - Pitching for Cleveland (APP) Indians : RHP Sergei Stefanov
|
|
Batting: RHB Nick Ellis
|
0-0: Called Strike 0-1: Ball 1-1: Ball 2-1: Ball 3-1: Swinging Strike 3-2: Fly out, F7 (Flyball, 78M, EV 89.4 MPH)
|
|
Batting: RHB Carlton McDonald
|
0-0: Called Strike 0-1: Foul Ball, location: 2F 0-2: Foul Ball, location: 2F 0-2: Ball 1-2: Ball 2-2: Strikes out looking
|
|
Batting: RHB Joaquin Salazar
|
0-0: Fly out, F9 (Line Drive, 9S, EV 88.8 MPH)
|
| Bottom of the 6th over - 0 runs, 0 hits, 0 errors, 0 left on base; Cleveland (APP) 9 - Seattle (APP) 1 |
| TOP OF THE 7TH |
|
Cleveland (APP) Indians batting - Pitching for Seattle (APP) Mariners : LHP Will Creelman
|
|
Batting: RHB Patrick Pinault
|
0-0: Ball 1-0: SINGLE (Groundball, 56D, EV 108.1 MPH)
|
|
Batting: SHB Luis de Leon
|
0-0: Ball 1-0: Called Strike Patrick Pinault steals 2nd base 1-1: Ball 2-1: Ball 3-1: Swinging Strike 3-2: Fly out, F4 (Line Drive, 4, EV 74.4 MPH)
|
|
Batting: RHB Andrew Telles
|
0-0: Ball 1-0: Ball 2-0: Ball 3-0: Called Strike 3-1: Base on Balls
|
|
Batting: LHB Mario Garza
|
0-0: Called Strike 0-1: Fly out, F6 (Line Drive, 6M, EV 68.8 MPH)
|
|
Batting: RHB Andy Lewis
|
0-0: Ball 1-0: Ball 2-0: Fly out, F8 (Line Drive, 8RD, EV 95.0 MPH)
|
| Top of the 7th over - 0 runs, 1 hit, 0 errors, 2 left on base; Cleveland (APP) 9 - Seattle (APP) 1 |
| BOTTOM OF THE 7TH |
|
Seattle (APP) Mariners batting - Pitching for Cleveland (APP) Indians : RHP Sergei Stefanov
|
|
Pinch Hitting: LHB Yoshihisa Kobayashi
|
0-0: Called Strike 0-1: Foul Ball, location: 2F 0-2: Ground out 2-3 (Groundball, 13S, EV 72.5 MPH)
|
|
Batting: RHB Josh Carpenter
|
0-0: Ball 1-0: Called Strike 1-1: Ground out 5-3 (Groundball, 56S, EV 70.6 MPH)
|
|
Batting: RHB Chris Van Niel
|
0-0: Called Strike 0-1: Called Strike 0-2: Ball 1-2: Ball 2-2: Ball 3-2: Base on Balls
|
|
Batting: RHB John Vasquez
|
0-0: Foul Ball, location: 2F 0-1: Foul Ball, location: 2F 0-2: Ball 1-2: Ball 2-2: Ground out U3 (Groundball, 3, EV 95.0 MPH)
|
| Bottom of the 7th over - 0 runs, 0 hits, 0 errors, 1 left on base; Cleveland (APP) 9 - Seattle (APP) 1 |
| TOP OF THE 8TH |
|
Cleveland (APP) Indians batting - Pitching for Seattle (APP) Mariners : LHP Will Creelman
|
|
Pitching: RHP Victor Ocampo
|
|
|
Now at 2B: Chris Van Niel
|
|
|
Now at SS: Yoshihisa Kobayashi
|
|
|
Batting: LHB Justin Eargle
|
0-0: Ball 1-0: Ball 2-0: Ball 3-0: Called Strike 3-1: Base on Balls
|
|
Batting: SHB Jay Rook
|
0-0: Called Strike 0-1: Foul Ball, location: 2F 0-2: Ball 1-2: Ball 2-2: Ball 3-2: Base on Balls Justin Eargle to second
|
|
Pinch Hitting: RHB Luke Burnham
|
0-0: Ball 1-0: Foul Ball, location: 2F 1-1: Fielders Choice at 3rd, U5 (Groundball, 5L, EV 77.5 MPH) Jay Rook to second
|
|
Batting: LHB Mesfin Azagba
|
0-0: Ball 1-0: Foul Ball, location: 2F 1-1: Ball 2-1: Called Strike 2-2: Strikes out looking
|
|
Batting: RHB Patrick Pinault
|
0-0: Called Strike 0-1: Swinging Strike 0-2: DOUBLE (Line Drive, 8LXD, EV 101.2 MPH) Jay Rook scores Luke Burnham to third Runner from 3rd tries for Home, SAFE, no throw by CF
|
|
Batting: SHB Luis de Leon
|
0-0: SINGLE (Line Drive, 6MD, EV 94.4 MPH) Patrick Pinault to third
|
|
Pitching: RHP Domingo Maldonado
|
|
|
Batting: RHB Andrew Telles
|
0-0: Ball 1-0: Ball 2-0: SINGLE (Groundball, 56D, EV 109.4 MPH) Patrick Pinault scores Luis de Leon to second
|
|
Batting: LHB Mario Garza
|
0-0: Called Strike 0-1: Called Strike 0-2: Strikes out swinging
|
| Top of the 8th over - 3 runs, 3 hits, 0 errors, 2 left on base; Cleveland (APP) 12 - Seattle (APP) 1 |
| BOTTOM OF THE 8TH |
|
Seattle (APP) Mariners batting - Pitching for Cleveland (APP) Indians : RHP Sergei Stefanov
|
|
Pitching: LHP Oscar Moreno
|
|
|
Now at 3B: Luke Burnham
|
|
|
Now in RF: Mesfin Azagba
|
|
|
Batting: SHB Carlos Luna
|
0-0: Ball 1-0: Called Strike 1-1: Ground out 6-3 (Groundball, 6, EV 101.2 MPH)
|
|
Batting: RHB Nick Edmunds
|
0-0: Called Strike 0-1: Ball 1-1: Ball 2-1: Ball 3-1: Called Strike 3-2: Base on Balls
|
|
Batting: RHB Nick Ellis
|
0-0: Grounds into double play, 5-4-3 (Groundball, 56S, EV 83.1 MPH)
|
| Bottom of the 8th over - 0 runs, 0 hits, 0 errors, 0 left on base; Cleveland (APP) 12 - Seattle (APP) 1 |
| TOP OF THE 9TH |
|
Cleveland (APP) Indians batting - Pitching for Seattle (APP) Mariners : RHP Domingo Maldonado
|
|
Batting: RHB Andy Lewis
|
0-0: SOLO HOME RUN (Flyball, 9LD, EV 94.4 MPH), Distance : 351 ft
|
|
Batting: LHB Justin Eargle
|
0-0: Ball 1-0: Ball 2-0: Ball 3-0: Base on Balls
|
|
Batting: SHB Jay Rook
|
0-0: Ball 1-0: Ball 2-0: Ball 3-0: Base on Balls Justin Eargle to second
|
|
Batting: RHB Luke Burnham
|
0-0: Swinging Strike 0-1: Fly out, F8 (Flyball, 8RM, EV 85.6 MPH)
|
|
Batting: LHB Mesfin Azagba
|
0-0: Ball 1-0: Ball 2-0: Called Strike 2-1: Foul Ball, location: 2F 2-2: Strikes out looking
|
|
Pitching: RHP Prince Nunley
|
|
|
Batting: RHB Patrick Pinault
|
0-0: Swinging Strike 0-1: Ball Wild Pitch! Justin Eargle to third Jay Rook to second 1-1: Ball 2-1: Foul Ball, location: 2F 2-2: Strikes out looking
|
| Top of the 9th over - 1 run, 1 hit, 0 errors, 2 left on base; Cleveland (APP) 13 - Seattle (APP) 1 |
| BOTTOM OF THE 9TH |
|
Seattle (APP) Mariners batting - Pitching for Cleveland (APP) Indians : LHP Oscar Moreno
|
|
Batting: RHB Carlton McDonald
|
0-0: Ball 1-0: Foul Ball, location: 2F 1-1: Foul Ball, location: 2F 1-2: Strikes out looking
|
|
Batting: RHB Joaquin Salazar
|
0-0: Ball 1-0: Ground out 1-3 (Groundball, 34S, EV 63.8 MPH)
|
|
Batting: LHB Yoshihisa Kobayashi
|
0-0: Ball 1-0: Swinging Strike 1-1: Ball 2-1: Called Strike 2-2: SINGLE (Line Drive, 6D, EV 95.0 MPH)
|
|
Pinch Hitting: RHB Perry Renouf
|
0-0: Foul Ball, location: 2F 0-1: Ball 1-1: Swinging Strike 1-2: Foul Ball, location: 2F 1-2: Ball 2-2: Foul Ball, location: 2F 2-2: SINGLE (Groundball, 6MD, EV 100.0 MPH) Yoshihisa Kobayashi to second
|
|
Batting: RHB Chris Van Niel
|
0-0: Ball 1-0: Called Strike 1-1: Swinging Strike 1-2: Strikes out swinging
|
| Bottom of the 9th over - 0 runs, 2 hits, 0 errors, 2 left on base; Cleveland (APP) 13 - Seattle (APP) 1 |
|